 Dungeon Sprint DCSS version 0.28-a0-429-g1448048969 (webtiles) character file.

Game seed: 4152445721313249351

447 dolemite99 the Transmogrifier (level 6, -10/47 HPs)
             Began as a Draconian Transmuter on Sept 11, 2021.
             Mangled by a slime creature (21 damage)
             ... in the Dungeon (Sprint I: "Red Sonja").
             The game lasted 00:02:43 (1161 turns).

dolemite99 the Transmogrifier (DrTm)                Turns: 1161, Time: 00:02:43

Health: -10/47     AC:  2    Str: 14    XL:     6   Next: 73%
Magic:  6/9        EV: 19    Int: 14    God:
Gold:   303        SH:  0    Dex: 16    Spells: 3/9 levels left

rFire   . . .      SeeInvis .     - Unarmed
rCold   . . .      Faith    .   (shield currently unavailable)
rNeg    . . .      Spirit   .   (armour unavailable)
rPois   x          Reflect  .   (helmet currently unavailable)
rElec   .          Harm     .   (cloak currently unavailable)
rCorr   .          Rampage  .   (gloves currently unavailable)
Will    .....      NoTele   +   (boots currently unavailable)
Stlth   +.........              (no amulet)
HPRegen 0.15/turn               (no ring)
MPRegen 0.11/turn               (no ring)

@: spider-form
A: venomous fangs, AC +6, tiny, unfitting armour, (cold-blooded)
a: End Transformation


You were in the Dungeon.
You were a venomous arachnid creature.
You visited 1 branch You collected 303 gold pieces.

Inventory:

Scrolls
 b - 2 scrolls of identify {unknown}
 f - a scroll of blinking
Potions
 d - 2 potions of magic


   Skills:
 - Level 1.1 Fighting
 - Level 1.7 Dodging
 - Level 3.0 Unarmed Combat
 + Level 2.0 Spellcasting
 - Level 12.7 Transmutations
 - Level 6.5 Poison Magic


You had 3 spell levels left.
You knew the following spells:

 Your Spells              Type           Power      Damage    Failure   Level
a - Spider Form           Tmut/Pois      14%        N/A       6%          3
b - Wereblood             Tmut           36%        N/A       2%          2
c - Beastly Appendage     Tmut           72%        N/A       1%          1

Your spell library contained the following spells:

 Spells                   Type           Power      Damage    Failure   Level
 Ice Form                 Ice/Tmut       19%        N/A       36%         4


Dungeon Overview and Level Annotations

Branches:
Dungeon (1/1)

Altars:
Cheibriados
Dithmenos
Elyvilon
Fedhas
Gozag
Hepliaklqana
Kikubaaqudgha
Makhleb
Okawaru
Qazlal
Ru
Sif Muna
Trog
Uskayaw
Vehumet
Wu Jian
Xom
Yredelemnul
Zin
The Shining One
Jiyva
Lugonu

Shops:
D *

Annotations:
D exclusion: door


Innate Abilities, Weirdness & Mutations

You are a venomous arachnid creature.
You have poisonous fangs.
You are tiny and dextrous.
Your spellcasting is less reliable in this form.
Your armour is entirely melded.
You are incapable of wielding weapons or throwing items.
((Your plain brown scales are hard. (AC +6)))
You cannot fit into any form of body armour.
((You are cold-blooded and may be slowed by cold attacks.))


Message History

A slime creature comes into view.
The slime creature quivers.
Found four altars.
There is an open door here.
Casting: Spider Form (safe; 1% risk of failure)
Confirm with . or Enter, or press ? or * to list all spells.
You grow a pair of large bovine horns.
Your feet morph into talons.
Casting: Beastly Appendage (safe; 1% risk of failure)
Confirm with . or Enter, or press ? or * to list all spells.
Your horns disappear.
Your talons disappear.
You turn into a venomous arachnid creature.
The slime creature misses you. The slime creature closely misses you.
You bite the slime creature!
The slime creature is lightly wounded.
The slime creature hits you.
You hit the slime creature.
The slime creature is poisoned.
The slime creature is moderately wounded.
The slime creature hits you.
You hit the slime creature.
The slime creature is moderately wounded.
The slime creature hits you!
You hit the slime creature.
The slime creature is moderately wounded.
You hit the slime creature.
The slime creature is moderately wounded.
The slime creature misses you.
You hit the slime creature but do no damage.
The slime creature looks as sick as possible!
The slime creature is moderately wounded.
The slime creature hits you!
You hit the slime creature.
The slime creature is moderately wounded.
The slime creature hits you.
* * * LOW HITPOINT WARNING * * *
Okay, then.
You bite the slime creature!
The slime creature is heavily wounded.
The slime creature hits you!!
You die...

################ ##
#<.#.)'..#.)sJ.#__#
#..').#..'..#..'..+
#..#####'#####'#__#
#..# #..#...#.# ##§(#
#..#__####..##.#≈§§§c#
#..#_____##'#_.+≈≈≈§§
#⌠⌠#_.∩..†+..._#≈§§.c#
####_..__##_.#+# +##
#____ ##+#


You could see a slime creature (extremely poisoned).

Vanquished Creatures
  Sigmund (D)
  A yak (D)
  An ogre (D)
  A jelly (D)
  Ijyb (D)
5 creatures vanquished.

Vanquished Creatures (others)
  A merfolk siren (D)
  2 hornets (D)
3 creatures vanquished.

Grand Total: 8 creatures vanquished

Notes
Turn   | Place    | Note
-------+----------+-------------------------------------------
     0 | D        | dolemite99 the Draconian Transmuter began the quest for the
                  | Orb.
     0 | D        | Reached XP level 1. HP: 16/16 MP: 3/3
     3 | D        | Noticed Ijyb
    22 | D        | Killed Ijyb
    23 | D        | Reached skill level 6 in Transmutations
    23 | D        | Reached XP level 2. HP: 13/23 MP: 3/5
    28 | D        | Learned a level 2 spell: Wereblood
   371 | D        | Noticed an ogre
   379 | D        | Killed an ogre
   380 | D        | Reached skill level 9 in Transmutations
   380 | D        | Reached XP level 3. HP: 28/28 MP: 4/6
   380 | D        | Reached XP level 4. HP: 35/35 MP: 4/7
   443 | D        | Noticed Sigmund
   460 | D        | Killed Sigmund
   461 | D        | Reached skill level 12 in Transmutations
   461 | D        | Reached XP level 5. HP: 16/40 MP: 8/8
   461 | D        | Reached XP level 6. HP: 18/47 MP: 9/9
   774 | D        | Found an ornate altar of the Wu Jian Council.
   774 | D        | Found a shimmering blue altar of Sif Muna.
   776 | D        | Found a radiant altar of Vehumet.
   789 | D        | Learned a level 3 spell: Spider Form
   815 | D        | Found Qafuet's Assorted Antiques.
   815 | D        | Found an ancient bone altar of Kikubaaqudgha.
   815 | D        | Found a hazy altar of Hepliaklqana.
   815 | D        | Found a stormy altar of Qazlal.
   815 | D        | Found a hide-covered altar of Uskayaw.
   815 | D        | Found a blossoming altar of Fedhas.
   815 | D        | Found a bloodstained altar of Trog.
   815 | D        | Found an iron altar of Okawaru.
   815 | D        | Found a basalt altar of Yredelemnul.
   815 | D        | Found a glowing golden altar of the Shining One.
   815 | D        | Found a snail-covered altar of Cheibriados.
   815 | D        | Found a sacrificial altar of Ru.
   815 | D        | Found a glowing silver altar of Zin.
   815 | D        | Found a shadowy altar of Dithmenos.
   815 | D        | Found a white marble altar of Elyvilon.
   815 | D        | Noticed a yak
   816 | D        | Found an opulent altar of Gozag.
   828 | D        | Killed a hornet
   835 | D        | Killed a yak
  1124 | D        | Killed a merfolk siren
  1139 | D        | Killed a hornet
  1142 | D        | Noticed a centaur warrior
  1143 | D        | Noticed a centaur warrior
  1148 | D        | Found a burning altar of Makhleb.
  1148 | D        | Found a viscous altar of Jiyva.
  1148 | D        | Found a shimmering altar of Xom.
  1148 | D        | Found a corrupted altar of Lugonu.
  1148 | D        | Noticed a slime creature
  1161 | D        | Mangled by a slime creature

Illustrated notes

Levels and vault maps discovered:
D:        dungeon_sprint_1 [red_sonja_temple_1, red_sonja_temple_small_1]

Skill      XL: |  1  2  3  4  5  6 |
---------------+-------------------+-----
Transmutations | 6 9 12 | 12.7
Poison Magic   | 6 |  6.5
Fighting       | |  1.1
Dodging        | |  1.7
Unarmed Combat | |  3.0
Spellcasting   | |  2.0

Action                   |  1- 3 |  4- 6 || total
-------------------------+-------+-------++-------
Melee: Unarmed           |    20 |    36 ||    56
       Kick              |     4 |     3 ||     7
       Headbutt          |     4 |     2 ||     6
       Tailslap          |     3 |     2 ||     5
 Cast: Beastly Appendage |     3 |     3 ||     6
       Spider Form       |       |     2 ||     2
  Use: Potion            |     2 |     2 ||     4
Armor: Skin              |     2 |     4 ||     6
Dodge: Dodged            |    12 |    13 ||    25

Table legend: (Time is in decaauts)
 A = Elapsed time spent in this place.
 B = Non-inter-level travel time spent in this place.
 C = Inter-level travel time spent in this place.
 D = Time resting spent in this place.
 E = Time spent auto-exploring this place.
 F = Levels seen in this place.
 G = Mean time per level.
                   A        B        C        D        E       F      G
               +--------+--------+--------+--------+--------+-----+--------+
         Total |   1149 |   1149 |      0 |    979 |      0 |   1 | 1149.0 |
       Dungeon |   1149 |   1149 |      0 |    979 |      0 |   1 | 1149.0 |
               +--------+--------+--------+--------+--------+-----+--------+

Top non-repeatable levels by time:
       D: 1149 daAuts
